Map: Frozen Temple

Players

Rhizer

  • Race: Protoss Protoss
  • League: Master

Miszu - Winner!

  • Race: Terran Terran
  • League: Master

VOD

Have the link to the VOD?

Description

Time

  • Played on: June 27, 2016, 9:18 a.m.
  • Length: 12:05
Show
View Real Time Build Order
Export as new Build Order

Rhizer Protoss 

Build Orders: 1 Gate Expand 

Get SALT Encoding   

  12  0:01  Probe (Chrono Boost)  
  13  0:11  Probe (Chrono Boost)  
  14  0:18  Pylon  
  14  0:22  Probe (Chrono Boost)  
  15  0:36  Probe (Chrono Boost)  
  15  0:38  Gateway  
  16  0:46  Probe (Chrono Boost)  
  16  0:48  Assimilator  
  18  0:57  Probe (Chrono Boost)  
  18  1:07  Probe (Chrono Boost)  
  19  1:18  Probe (Chrono Boost)  
  20  1:28  Nexus  
  20  1:39  Cybernetics Core  
  20  1:41  Probe (Chrono Boost)  
  21  1:48  Assimilator  
  21  1:51  Probe (Chrono Boost)  
  22  1:57  Pylon  
  22  2:02  Probe (Chrono Boost)  
  23  2:15  Probe (Chrono Boost)  
  23  2:16  Stalker (Chrono Boost)  
  23  2:17  Warp Gate  
  26  2:30  Probe  
  26  2:42  Probe  
  26  2:45  Probe  
  27  2:54  Stalker (Chrono Boost), Probe  
  27  2:55  Probe  
  30  3:06  Probe  
  30  3:08  Robotics Facility, Probe  
  32  3:20  Mothership Core (Chrono Boost)  
  33  3:35  Probe (Chrono Boost)  
  34  3:41  Probe (Chrono Boost)  
  34  3:46  Probe (Chrono Boost)  
  36  3:52  Probe (Chrono Boost)  
  36  3:55  Probe (Chrono Boost)  
  37  3:56  Observer (Chrono Boost)  
  37  3:58  Robotics Bay  
  39  4:03  Probe  
  39  4:06  Probe  
  41  4:11  Pylon  
  41  4:14  Warp Prism (Chrono Boost)  
  41  4:15  Probe  
  41  4:16  Pylon, Probe  
  45  4:27  Probe x2  
  45  4:30  Gateway  
  47  4:33  Assimilator  
  47  4:36  Assimilator  
  47  4:38  Stalker, Probe  
  49  4:39  Probe  
  49  4:41  Disruptor (Chrono Boost)  
  54  4:49  Gravitic Drive (Chrono Boost)  
  54  4:50  Probe  
  54  4:51  Probe  
  56  5:02  Probe  
  57  5:07  Stalker  
  55  5:15  Disruptor  
  56  5:22  Probe x2  
  58  5:34  Probe  
  58  5:35  Twilight Council, Probe  
  58  5:38  Gateway  
  58  5:41  Stalker x2  
  58  5:42  Gateway  
  62  5:44  Pylon  
  62  5:58  Disruptor  
  62  6:01  Pylon  
  62  6:02  Probe x2  
  62  6:04  Pylon  
  67  6:13  Nexus  
  67  6:14  Pylon, Probe  
  67  6:17  Extended Thermal Lance (Chrono Boost)  
  68  6:24  Blink (Chrono Boost)  
  68  6:34  Disruptor  
  68  6:39  Stalker x2  
  75  6:41  Stalker  
  77  7:01  Stalker  
  77  7:03  Probe  
  77  7:04  Probe  
  81  7:09  Disruptor  
  81  7:14  Robotics Facility  
  84  7:16  Probe x2  
  84  7:17  Pylon  
  86  7:27  Assimilator  
  86  7:28  Probe x2  
  88  7:30  Assimilator  
  88  7:33  Pylon  
  88  7:40  Probe x2  
  88  7:42  Probe  
  90  7:45  Colossus (Chrono Boost)  
  96  7:52  Probe x3  
  96  7:56  Forge  
  99  7:58  Resonating Glaives  
  99  8:00  Adept x2  
  99  8:01  Adept  
  111  8:08  Colossus (Chrono Boost)  
  111  8:14  Stalker, Probe  
  111  8:15  Probe x2  
  116  8:22  Pylon  
  116  8:29  Pylon  
  116  8:31  Observer (Chrono Boost)  
  116  8:32  Protoss Ground Weapons Level 1 (Chrono Boost)  
  116  8:33  Pylon  
  117  8:45  Colossus  
  117  8:49  Nexus  
  117  8:51  Pylon  
  123  8:57  Colossus  
  123  8:58  Photon Cannon  
  123  9:01  Photon Cannon  
  129  9:04  Photon Cannon  
  129  9:15  Stalker  
  129  9:16  Stalker x3  
  137  9:22  Stargate  
  137  9:33  Assimilator  
  137  9:35  Assimilator  
  137  9:36  Observer  
  137  9:39  Pylon  
  137  9:45  Pylon  
  137  9:46  Templar Archives  
  137  9:50  Colossus  
  137  9:51  Stalker  
  137  9:52  Stalker x2  
  149  9:57  Stalker x2  
  149  9:58  Stalker x2  
  109  10:22  Colossus  
  105  10:32  Stalker x2  
  105  10:33  Stalker x2  
  117  10:42  Gateway  
  117  10:44  Gateway  
  117  10:46  Gateway  
  117  10:47  Pylon  
  117  10:50  Nexus  
  117  10:55  Mothership Core  
  117  10:56  High Templar x4  
  127  11:00  Archon x2  
  127  11:19  Immortal  
  127  11:25  Immortal  
  134  11:26  Fleet Beacon  
  134  11:33  Stalker x3  
  134  11:34  Stalker  
  132  11:59  Stalker x5  
  132  12:00  Stalker x2  
Show
View Real Time Build Order
Export as new Build Order

Miszu Terran - Winner!

Build Orders: Reaper Expand, MMM Bio 

Get SALT Encoding   

  12  0:00  SCV  
  13  0:12  SCV  
  14  0:17  Supply Depot  
  14  0:24  SCV  
  15  0:39  SCV  
  15  0:41  Barracks  
  16  0:44  Refinery  
  16  0:52  SCV  
  17  1:04  SCV  
  18  1:16  SCV  
  19  1:29  Reaper  
  19  1:30  Orbital Command  
  20  1:42  Command Center  
  20  1:56  Supply Depot  
  20  1:57  SCV  
  21  2:02  Barracks Reactor  
  21  2:10  SCV  
  21  2:13  Refinery  
  22  2:22  Factory, SCV  
  23  2:34  SCV  
  24  2:44  Marine x2  
  25  2:46  SCV  
  27  2:57  Orbital Command  
  27  2:58  SCV  
  28  3:01  Marine x2  
  30  3:09  Factory Tech Lab  
  30  3:10  Starport  
  30  3:14  SCV  
  30  3:19  Marine x2  
  33  3:24  SCV  
  33  3:26  SCV  
  34  3:34  Widow Mine  
  34  3:36  SCV  
  34  3:37  Marine  
  34  3:38  SCV  
  34  3:40  Bunker, Marine  
  40  3:48  SCV  
  41  3:50  Medivac  
  41  3:52  SCV  
  41  3:55  Command Center  
  44  4:00  Marine, SCV  
  46  4:15  Supply Depot, Siege Tank, SCV  
  51  4:18  SCV  
  51  4:19  Liberator  
  52  4:27  SCV  
  52  4:30  Supply Depot  
  53  4:31  SCV  
  53  4:35  Marine  
  53  4:36  Marine  
  53  4:38  Supply Depot  
  58  4:39  SCV  
  58  4:43  SCV  
  60  4:47  Barracks  
  60  4:50  Barracks  
  60  4:51  SCV  
  61  4:57  Siege Tank  
  64  5:03  Liberator  
  62  5:16  Marine x2  
  67  5:25  SCV x2  
  70  5:32  Orbital Command  
  70  5:34  Marine x2, Siege Tank  
  74  5:37  SCV x2  
  74  5:38  Engineering Bay  
  74  5:39  Barracks Tech Lab x2  
  74  5:41  Engineering Bay  
  74  5:42  Refinery  
  76  5:44  Refinery  
  76  5:49  SCV x2  
  72  5:58  SCV  
  72  6:01  SCV x2  
  75  6:04  Starport Reactor  
  75  6:08  Stimpack  
  76  6:11  Marine  
  76  6:12  Marine  
  76  6:13  SCV x2  
  76  6:15  Barracks x2, Orbital Command  
  76  6:16  Marine  
  80  6:25  SCV  
  80  6:27  Siege Tank  
  80  6:31  Supply Depot, Missile Turret  
  84  6:34  Combat Shields  
  84  6:36  Marine x3  
  84  6:38  Missile Turret  
  87  6:41  Terran Infantry Armor Level 1  
  87  6:43  Terran Infantry Weapons Level 1  
  87  6:47  Barracks x2, SCV x3  
  87  6:48  Barracks  
  90  6:59  SCV  
  91  7:02  SCV x2  
  93  7:11  Marauder x2, SCV  
  93  7:14  SCV x2, Missile Turret  
  100  7:25  Marine  
  100  7:27  Barracks Reactor, Barracks Tech Lab  
  101  7:31  Armory  
  101  7:35  Supply Depot  
  101  7:36  Supply Depot  
  101  7:37  Supply Depot  
  101  7:38  Supply Depot x2  
  101  7:44  Refinery  
  101  7:47  Bunker  
  101  7:54  Barracks Reactor, Barracks Tech Lab x2  
  101  7:57  Marine x2, Medivac x2, Marauder x2  
  101  7:58  Marauder  
  113  8:04  Supply Depot  
  113  8:05  Supply Depot  
  113  8:06  SCV x3  
  116  8:18  Marauder, SCV x3  
  116  8:19  Refinery, Marauder x2  
  125  8:21  Starport  
  125  8:23  Fusion Core  
  125  8:30  SCV x3  
  128  8:36  Concussive Shells  
  128  8:38  Terran Infantry Weapons Level 2  
  132  8:42  SCV x2  
  132  8:43  SCV  
  132  8:46  Marauder x2  
  132  8:48  Marine  
  135  8:49  Marine x4  
  135  8:50  Liberator  
  135  8:52  Marauder, Liberator  
  135  8:53  Marine  
  135  8:54  SCV x2  
  141  8:57  Supply Depot, Marine  
  141  8:58  Supply Depot x2, Marine  
  141  9:00  Terran Infantry Armor Level 2  
  143  9:08  Starport Tech Lab  
  149  9:11  Marine, Marauder  
  152  9:22  Marine x4, Marauder  
  160  9:25  Liberator  
  160  9:27  Command Center  
  158  9:34  Supply Depot  
  158  9:35  Supply Depot  
  158  9:36  Supply Depot, Marine, Marauder x2  
  158  9:37  Marauder  
  165  9:40  Advanced Ballistics  
  165  9:42  Liberator x2  
  168  9:48  Marauder  
  168  9:49  Marauder  
  168  9:50  Marine  
  173  9:57  Marauder x2  
  183  10:08  Liberator  
  168  10:20  Marauder  
  168  10:21  Marine x6, Marauder x3  
  169  10:24  Liberator  
  169  10:25  Liberator  
  177  10:34  Marauder  
  179  10:39  Marine x6  
  179  10:42  Marine x2, Marauder  
  195  10:44  Marauder  
  197  10:55  Marauder  
  197  10:56  Marine  
  200  11:04  Command Center  
  200  11:06  Planetary Fortress  
  200  11:13  Barracks x2  
  200  11:14  Refinery, Barracks  
  200  11:15  Refinery  
Tags
 
Add a new tag
Caveats
  • Supply blocks, unpowered buildings, or Contaminate may cause inaccurate times.
  • Supply counts are checked every 10 seconds.